| TOP OF THE 1ST |
|
Richmond Braves batting - Pitching for Rochester Red Wings : RHP Nelson Sanchez
|
|
Pitching: RHP Nelson Sanchez
|
|
|
Batting: RHB Dave Stegman
|
0-0: Called Strike 0-1: Fly out, F7 (Line Drive, 7, EV 98.1 MPH)
|
|
Batting: RHB Mike Fuentes
|
0-0: Ball 1-0: Ball 2-0: Ball 3-0: Called Strike 3-1: Called Strike 3-2: DOUBLE (Line Drive, 89D, EV 108.8 MPH)
|
|
Batting: SHB Howard Johnson
|
0-0: DOUBLE (Flyball, 9LD, EV 98.8 MPH) Mike Fuentes scores
|
|
Batting: LHB Chris Evans
|
0-0: Ball 1-0: Ground out U3 (Groundball, 3L, EV 104.4 MPH) Howard Johnson to third
|
|
Batting: LHB Dan Rohn
|
0-0: Called Strike 0-1: Ball 1-1: Fly out, F8 (Flyball, 8LD, EV 99.4 MPH)
|
| Top of the 1st over - 1 run, 2 hits, 0 errors, 1 left on base; Richmond 1 - Rochester 0 |
| BOTTOM OF THE 1ST |
|
Rochester Red Wings batting - Pitching for Richmond Braves : RHP Jay Smith
|
|
Pitching: RHP Jay Smith
|
|
|
Batting: RHB Johnnie LeMaster
|
0-0: Called Strike 0-1: Ball 1-1: Foul Ball, location: 2F 1-2: Foul Ball, location: 2F 1-2: Ball 2-2: Foul Ball, location: 2F 2-2: Strikes out swinging
|
|
Batting: LHB Ed Amelung
|
0-0: Called Strike 0-1: Ground out 5-3 (Groundball, 5, EV 100.6 MPH)
|
|
Batting: SHB Jordan Ayala
|
0-0: Ball 1-0: Ball 2-0: Called Strike 2-1: Ball 3-1: Base on Balls
|
|
Batting: RHB Gerry Davis
|
0-0: Swinging Strike 0-1: Called Strike 0-2: Ball Jordan Ayala is caught stealing 2nd base 2-4
|
| Bottom of the 1st over - 0 runs, 0 hits, 0 errors, 0 left on base; Richmond 1 - Rochester 0 |
| TOP OF THE 2ND |
|
Richmond Braves batting - Pitching for Rochester Red Wings : RHP Nelson Sanchez
|
|
Batting: LHB Max Venable
|
0-0: Called Strike 0-1: Ball 1-1: Called Strike 1-2: Ball 2-2: Ball 3-2: Ground out 1-3 (Groundball, 13S, EV 68.1 MPH)
|
|
Batting: SHB Donnie Scott
|
0-0: Ball 1-0: Ground out 6-3 (Groundball, 6, EV 107.5 MPH)
|
|
Batting: SHB Julio Cruz
|
0-0: Ball 1-0: Called Strike 1-1: Swinging Strike 1-2: Fly out, F8 (Flyball, 78M, EV 87.5 MPH)
|
| Top of the 2nd over - 0 runs, 0 hits, 0 errors, 0 left on base; Richmond 1 - Rochester 0 |
| BOTTOM OF THE 2ND |
|
Rochester Red Wings batting - Pitching for Richmond Braves : RHP Jay Smith
|
|
Batting: RHB Gerry Davis
|
0-0: Ball 1-0: Ground out 5-3 (Groundball, 5S, EV 71.9 MPH)
|
|
Batting: RHB Joe Carter
|
0-0: Ball 1-0: Fly out, F8 (Flyball, 8RXD, EV 88.1 MPH)
|
|
Batting: RHB Chris Johnston
|
0-0: Called Strike 0-1: Ball 1-1: Foul Ball, location: 2F 1-2: Foul Ball, location: 2F 1-2: Fly out, F8 (Flyball, 8LD, EV 76.3 MPH)
|
| Bottom of the 2nd over - 0 runs, 0 hits, 0 errors, 0 left on base; Richmond 1 - Rochester 0 |
| TOP OF THE 3RD |
|
Richmond Braves batting - Pitching for Rochester Red Wings : RHP Nelson Sanchez
|
|
Batting: RHB Mark Naehring
|
0-0: Ball 1-0: Foul Ball, location: 2F 1-1: Ball 2-1: Ground out 6-3 (Groundball, 56D, EV 100.0 MPH)
|
|
Batting: RHB Dave Stegman
|
0-0: Called Strike 0-1: Swinging Strike 0-2: Ball 1-2: Ball 2-2: Ball 3-2: Ground out 6-3 (Groundball, 6, EV 80.0 MPH)
|
|
Batting: RHB Mike Fuentes
|
0-0: Called Strike 0-1: Ball 1-1: SINGLE (Groundball, 6D, EV 93.8 MPH)
|
|
Batting: SHB Howard Johnson
|
0-0: Ball 1-0: Foul Ball, location: 2F 1-1: Swinging Strike 1-2: Ground out 4-3 (Groundball, 4, EV 96.9 MPH)
|
| Top of the 3rd over - 0 runs, 1 hit, 0 errors, 1 left on base; Richmond 1 - Rochester 0 |
| BOTTOM OF THE 3RD |
|
Rochester Red Wings batting - Pitching for Richmond Braves : RHP Jay Smith
|
|
Batting: LHB Dave Falcone
|
0-0: Ball 1-0: SINGLE (Groundball, 4D, EV 103.1 MPH)
|
|
Batting: RHB Tom Brookens
|
Pickoff Throw to First - Out! 1-3 0-0: SINGLE (Line Drive, 78S, EV 100.0 MPH)
|
|
Batting: RHB Jerry Dybzinski
|
0-0: Called Strike 0-1: Called Strike 0-2: 2-RUN HOME RUN (Flyball, 78XD, EV 103.8 MPH), Distance : 426 ft
|
|
Batting: RHB Johnnie LeMaster
|
0-0: Called Strike 0-1: Ball 1-1: Called Strike 1-2: Foul Ball, location: 2F 1-2: Foul Ball, location: 2F 1-2: Ground out 6-3 (Groundball, 6, EV 85.0 MPH)
|
|
Batting: LHB Ed Amelung
|
0-0: Fly out, F5 (Popup, 5, EV 83.8 MPH)
|
| Bottom of the 3rd over - 2 runs, 3 hits, 0 errors, 0 left on base; Richmond 1 - Rochester 2 |
| TOP OF THE 4TH |
|
Richmond Braves batting - Pitching for Rochester Red Wings : RHP Nelson Sanchez
|
|
Batting: LHB Chris Evans
|
0-0: Ball 1-0: Called Strike 1-1: Fly out, F8 (Flyball, 8LS, EV 98.8 MPH)
|
|
Batting: LHB Dan Rohn
|
0-0: Ball 1-0: Ball 2-0: Called Strike 2-1: Called Strike 2-2: Foul Ball, location: 2F 2-2: Fly out, F7 (Flyball, 78D, EV 77.5 MPH)
|
|
Batting: LHB Max Venable
|
0-0: Ball 1-0: Fly out, F8 (Flyball, 89S, EV 81.9 MPH)
|
| Top of the 4th over - 0 runs, 0 hits, 0 errors, 0 left on base; Richmond 1 - Rochester 2 |
| BOTTOM OF THE 4TH |
|
Rochester Red Wings batting - Pitching for Richmond Braves : RHP Jay Smith
|
|
Batting: SHB Jordan Ayala
|
0-0: Called Strike 0-1: Swinging Strike 0-2: SINGLE (Groundball, P, EV 93.1 MPH) (infield hit)
|
|
Batting: RHB Gerry Davis
|
0-0: Ball 1-0: Fly out, F8 (Flyball, 8RM, EV 81.3 MPH)
|
|
Batting: RHB Joe Carter
|
0-0: Ball Jordan Ayala is caught stealing 2nd base 2-4 1-0: Ball 2-0: Fly out, F3 (Popup, 23F, EV 78.8 MPH)
|
| Bottom of the 4th over - 0 runs, 1 hit, 0 errors, 0 left on base; Richmond 1 - Rochester 2 |
| TOP OF THE 5TH |
|
Richmond Braves batting - Pitching for Rochester Red Wings : RHP Nelson Sanchez
|
|
Batting: SHB Donnie Scott
|
0-0: Foul Ball, location: 2F 0-1: Ball 1-1: Ball 2-1: Ball 3-1: Called Strike 3-2: Strikes out swinging
|
|
Batting: SHB Julio Cruz
|
0-0: Ball 1-0: Ball 2-0: Ground out 5-3 (Groundball, 5S, EV 68.1 MPH)
|
|
Batting: RHB Mark Naehring
|
0-0: Swinging Strike 0-1: Swinging Strike 0-2: Ball 1-2: Ball 2-2: Strikes out swinging
|
| Top of the 5th over - 0 runs, 0 hits, 0 errors, 0 left on base; Richmond 1 - Rochester 2 |
| BOTTOM OF THE 5TH |
|
Rochester Red Wings batting - Pitching for Richmond Braves : RHP Jay Smith
|
|
Batting: RHB Chris Johnston
|
0-0: Called Strike 0-1: Ball 1-1: Ball 2-1: Swinging Strike 2-2: Ball 3-2: SINGLE (Flyball, 7, EV 98.1 MPH)
|
|
Batting: LHB Dave Falcone
|
0-0: Ball 1-0: Ball 2-0: Called Strike 2-1: Fly out, F8 (Flyball, 89D, EV 92.5 MPH)
|
|
Batting: RHB Tom Brookens
|
0-0: Called Strike 0-1: Foul Ball, location: 2F 0-2: Foul Ball, location: 2F 0-2: Foul Ball, location: 2F 0-2: Reached on error, E6 (Groundball, 6, EV 91.9 MPH) Chris Johnston to second
|
|
Batting: RHB Jerry Dybzinski
|
0-0: Swinging Strike 0-1: Called Strike 0-2: Ball 1-2: Foul Ball, location: 2F 1-2: Fly out, F8 (Flyball, 78M, EV 96.3 MPH)
|
|
Batting: RHB Johnnie LeMaster
|
0-0: Foul Ball, location: 2F 0-1: Ball 1-1: SINGLE (Line Drive, 34, EV 101.3 MPH) Chris Johnston to third Tom Brookens to second Runner from 3rd tries for Home, SAFE, throw by RF to home
|
|
Batting: LHB Ed Amelung
|
0-0: Ball 1-0: Ball 2-0: Fly out, F6 (Popup, 6MD, EV 63.8 MPH)
|
| Bottom of the 5th over - 1 run, 2 hits, 1 error, 2 left on base; Richmond 1 - Rochester 3 |
| TOP OF THE 6TH |
|
Richmond Braves batting - Pitching for Rochester Red Wings : RHP Nelson Sanchez
|
|
Batting: RHB Dave Stegman
|
0-0: Ground out 6-3 (Groundball, 6, EV 80.6 MPH)
|
|
Batting: RHB Mike Fuentes
|
0-0: Swinging Strike 0-1: Foul Ball, location: 2F 0-2: Strikes out swinging
|
|
Batting: SHB Howard Johnson
|
0-0: Ball 1-0: Ball 2-0: Ball 3-0: Fly out, F4 (Popup, 23, EV 90.0 MPH)
|
| Top of the 6th over - 0 runs, 0 hits, 0 errors, 0 left on base; Richmond 1 - Rochester 3 |
| BOTTOM OF THE 6TH |
|
Rochester Red Wings batting - Pitching for Richmond Braves : RHP Jay Smith
|
|
Batting: SHB Jordan Ayala
|
0-0: Called Strike 0-1: Ground out 5-3 (Groundball, 56S, EV 83.1 MPH)
|
|
Batting: RHB Gerry Davis
|
0-0: Called Strike 0-1: Ball 1-1: Ball 2-1: Ground out 1-3 (Groundball, 13S, EV 75.6 MPH)
|
|
Batting: RHB Joe Carter
|
0-0: Called Strike 0-1: Fly out, F3 (Popup, 3SF, EV 65.6 MPH)
|
| Bottom of the 6th over - 0 runs, 0 hits, 0 errors, 0 left on base; Richmond 1 - Rochester 3 |
| TOP OF THE 7TH |
|
Richmond Braves batting - Pitching for Rochester Red Wings : RHP Nelson Sanchez
|
|
Batting: LHB Chris Evans
|
0-0: Ball 1-0: Called Strike 1-1: Ball 2-1: Ground out 4-3 (Groundball, 4MD, EV 101.3 MPH)
|
|
Batting: LHB Dan Rohn
|
0-0: Called Strike 0-1: Foul Ball, location: 2F 0-2: Ball 1-2: Fly out, F5 (Popup, 5F, EV 60.0 MPH)
|
|
Batting: LHB Max Venable
|
0-0: Called Strike 0-1: Ball 1-1: Ground out 5-3 (Groundball, 56S, EV 71.9 MPH)
|
| Top of the 7th over - 0 runs, 0 hits, 0 errors, 0 left on base; Richmond 1 - Rochester 3 |
| BOTTOM OF THE 7TH |
|
Rochester Red Wings batting - Pitching for Richmond Braves : RHP Jay Smith
|
|
Batting: RHB Chris Johnston
|
0-0: Swinging Strike 0-1: Ball 1-1: Ground out 6-3 (Groundball, 6S, EV 90.0 MPH)
|
|
Batting: LHB Dave Falcone
|
0-0: Ball 1-0: Called Strike 1-1: Swinging Strike 1-2: Strikes out looking
|
|
Batting: RHB Tom Brookens
|
0-0: Foul Ball, location: 2F 0-1: Called Strike 0-2: Ground out 6-3 (Groundball, 56, EV 83.1 MPH)
|
| Bottom of the 7th over - 0 runs, 0 hits, 0 errors, 0 left on base; Richmond 1 - Rochester 3 |
| TOP OF THE 8TH |
|
Richmond Braves batting - Pitching for Rochester Red Wings : RHP Nelson Sanchez
|
|
Batting: SHB Donnie Scott
|
0-0: Swinging Strike 0-1: Ground out 4-3 (Groundball, 4M, EV 83.1 MPH)
|
|
Batting: SHB Julio Cruz
|
0-0: Fly out, F7 (Line Drive, 7, EV 93.8 MPH)
|
|
Batting: RHB Mark Naehring
|
0-0: Ball 1-0: Foul Ball, location: 2F 1-1: Foul Ball, location: 2F 1-2: Ball 2-2: Ball 3-2: Base on Balls
|
|
Batting: RHB Dave Stegman
|
0-0: Called Strike 0-1: Ground out 1-3 (Groundball, 13S, EV 66.9 MPH)
|
| Top of the 8th over - 0 runs, 0 hits, 0 errors, 1 left on base; Richmond 1 - Rochester 3 |
| BOTTOM OF THE 8TH |
|
Rochester Red Wings batting - Pitching for Richmond Braves : RHP Jay Smith
|
|
Batting: RHB Jerry Dybzinski
|
0-0: Called Strike 0-1: Foul Ball, location: 2F 0-2: Ground out 5-3 (Groundball, 5, EV 88.1 MPH)
|
|
Batting: RHB Johnnie LeMaster
|
0-0: Fly out, F9 (Flyball, 89D, EV 80.0 MPH)
|
|
Batting: LHB Ed Amelung
|
0-0: Called Strike 0-1: Swinging Strike 0-2: Strikes out swinging
|
| Bottom of the 8th over - 0 runs, 0 hits, 0 errors, 0 left on base; Richmond 1 - Rochester 3 |
| TOP OF THE 9TH |
|
Richmond Braves batting - Pitching for Rochester Red Wings : RHP Nelson Sanchez
|
|
Pitching: LHP Ray Searage
|
|
|
Now in CF: Mario Delgado
|
|
|
Batting: RHB Mike Fuentes
|
0-0: Called Strike 0-1: Ball 1-1: Fly out, F8 (Line Drive, 8RD, EV 97.5 MPH)
|
|
Batting: SHB Howard Johnson
|
0-0: Foul Ball, location: 2F 0-1: Foul Ball, location: 2F 0-2: Foul Ball, location: 2F 0-2: Fly out, F8 (Flyball, 8LM, EV 84.4 MPH)
|
|
Batting: LHB Chris Evans
|
0-0: Ball 1-0: Ball 2-0: Called Strike 2-1: Called Strike 2-2: Fly out, F7 (Flyball, 7D, EV 105.6 MPH)
|
| Top of the 9th over - 0 runs, 0 hits, 0 errors, 0 left on base; Richmond 1 - Rochester 3 |
|